 Dungeon Crawl Stone Soup version 0.30-a0-738-g116ff8c4af (webtiles) character file.

Game seed: 15798405887880818346

1523 NinjaNoafa the Nimble (level 8, -1/67 HPs)
             Began as a Merfolk Gladiator on Feb 3, 2023.
             Splashed by a jelly's acid (4 damage)
             ... on level 6 of the Dungeon.
             The game lasted 00:08:34 (5146 turns).

NinjaNoafa the Nimble (Merfolk Gladiator)           Turns: 5146, Time: 00:08:35

Health: -1/67      AC: -6    Str: 14    XL:     8   Next: 84%
Magic:  8/8        EV: 21    Int:  8    God:
Gold:   238        SH:  0    Dex: 17    Spells: 7/7 levels left

rFire   . . .      SeeInvis .    a - +0 rapier
rCold   . . .      Faith    .    (no shield)
rNeg    . . .      Spirit   .    v - +3 leather armour
rPois   .          Reflect  .    c - +0 helmet
rElec   .          Harm     .    l - +2 cloak
rCorr   +          Rampage  .    (no gloves)
Will    .....                    (boots currently unavailable)
Stlth   ++                       (no amulet)
HPRegen 0.31/turn                u - ring of resist corrosion
MPRegen 0.11/turn                (no ring)

@: corroded, very quick
A: nimble swimmer 2, mertail
a: no special abilities


You were on level 6 of the Dungeon.
You visited 2 branches of the dungeon, and saw 7 of its levels.

You collected 238 gold pieces.

Inventory:

Hand Weapons
 a - a +0 rapier (weapon)
 D - a +1 antimagic dagger
Missiles
 d - a throwing net
 e - a javelin
 B - 6 boomerangs (quivered)
Armour
 c - a +0 helmet (worn)
 l - a +2 cloak (worn)
 v - a +3 leather armour (worn)
 x - a +0 pair of boots (melded)
Jewellery
 u - a ring of resist corrosion (left hand)
Wands
 A - a wand of polymorph (4)
Scrolls
 b - a scroll of brand weapon {unknown}
 f - 3 scrolls of poison {unknown}
 g - 4 scrolls of teleportation {unknown}
 j - 4 scrolls of noise {unknown}
 k - 3 scrolls of identify {unknown}
 n - 3 scrolls of fog {unknown}
 o - 2 scrolls of magic mapping {unknown}
 r - 2 scrolls of immolation {unknown}
 w - a scroll of vulnerability {unknown}
 y - a scroll of acquirement {unknown}
 C - 3 scrolls of enchant weapon {unknown}
Potions
 h - 2 potions of might {unknown}
 i - 4 potions of degeneration {unknown}
 m - 4 potions of brilliance {unknown}
 p - 4 potions of mutation {unknown}
 q - a potion of ambrosia {unknown}
 s - a potion of curing {unknown}
 t - a potion of attraction {unknown}
 z - a potion of cancellation {unknown}


   Skills:
 + Level 7.2 Fighting
 - Level 8.0 Short Blades
 - Level 2.0 Throwing
 + Level 9.3 Dodging


You had 7 spell levels left.
You didn't know any spells.
Your spell library was empty.

Dungeon Overview and Level Annotations

Branches:
Dungeon (6/15)             Temple (1/1) D:5

Altars:
Ashenzari
Dithmenos
Elyvilon
Fedhas
Gozag
Hepliaklqana
Kikubaaqudgha
Okawaru
Qazlal
Sif Muna
Trog
Wu Jian
Xom
Yredelemnul
The Shining One

Annotations:
D:3 3 runed translucent doors, dgoggy's ghost, weakling GnWn


Innate Abilities, Weirdness & Mutations

You are very nimble when in or above water. (Stealth+, EV+, Speed+++)
Your lower body shifts to a powerful aquatic tail in water.


Message History

The jelly is almost dead.
You hit the jelly but do no damage.
Your hands burn!
* * * LOW HITPOINT WARNING * * *
You tail-slap the jelly, but do no damage.
The jelly is almost dead.
The jelly hits you.
* * * LOW HITPOINT WARNING * * *
You are splashed with acid.
You resist.
* * * LOW HITPOINT WARNING * * *
Throw: 6 boomerangs
Press: ? - help, Q - select action, (/) - cycle Shift-Dir - straight line, f - jelly
Aim: a jelly (almost dead, 90% to hit)
You throw a boomerang.
The boomerang hits the jelly but does no damage.
The jelly is almost dead.
The jelly misses you.
Throw: 6 boomerangs
Press: ? - help, Q - select action, (/) - cycle Shift-Dir - straight line, f/p - jelly
Aim: a jelly (almost dead, 90% to hit)
You throw a boomerang.
The boomerang hits the jelly but does no damage.
The jelly is almost dead.
The jelly hits you.
* * * LOW HITPOINT WARNING * * *
You are splashed with acid.
You resist.
* * * LOW HITPOINT WARNING * * *
The jelly hits you.
* * * LOW HITPOINT WARNING * * *
The acid corrodes you!
You are splashed with acid.
You resist.
* * * LOW HITPOINT WARNING * * *
Throw: 6 boomerangs
Press: ? - help, Q - select action, (/) - cycle Shift-Dir - straight line, f/p - jelly
Aim: a jelly (almost dead, 90% to hit)
You throw a boomerang.
The boomerang hits the jelly but does no damage.
The jelly is almost dead.
The jelly hits you.
* * * LOW HITPOINT WARNING * * *
You are splashed with acid.
You resist.
You die...

.... .... #+#.♣♣♣♣♣♣####
#.#PP~♣~PP~... #######
♣♣~~~~~~~~~♣#
#.....♣♣♣~~P~≈≈~~~~~##
##.##♣~~P~~≈~≈≈~P~~~P# h..
##.#~~~~P~~≈~P~~~~~~~♣....
#<...~~~~~~~~~P@~~.~.♣....
##.#.#~♣~PP~~.~J.~........
#.#......................
#.####.............~~~~
#.# ##...~~..~~PP~~♣♣♣ #.#
###♣~~~~~~~~~♣♣.#... #.#
#~♣~~♣♣~P~~...... #.#
##♣♣♣♣♣♣♣♣....... ###....


You could see a jelly.

Vanquished Creatures
  Sigmund (D:4)
  Eustachio (D:5)
  Menkaure (D:4)
  2 water moccasins
  A sky beast (D:6)
  2 phantoms
  A necrophage (D:5)
  2 scorpions (D:5)
  2 hounds
  An orc priest (D:3)
  Ijyb (D:4)
  5 orc wizards
  2 iguanas
  3 gnolls (D:3)
  7 adders
  5 dart slugs
  9 orcs
  4 ball pythons
  6 bats
  4 endoplasms
  4 giant cockroaches
  8 goblins
  7 hobgoblins
  5 jackals
  5 kobolds
  3 quokkas
  5 frilled lizards
  10 rats
107 creatures vanquished.

Vanquished Creatures (others)
  5 plants (D:6)
5 creatures vanquished.

Grand Total: 112 creatures vanquished

Notes
Turn   | Place    | Note
-------+----------+-------------------------------------------
     0 | D:1      | NinjaNoafa the Merfolk Gladiator began the quest for the
                  | Orb.
     0 | D:1      | Reached XP level 1. HP: 16/16 MP: 1/1
   109 | D:1      | Reached XP level 2. HP: 22/22 MP: 2/2
   462 | D:1      | Reached XP level 3. HP: 27/28 MP: 3/3
  1104 | D:2      | Found a shadowy altar of Dithmenos.
  1210 | D:2      | Reached XP level 4. HP: 24/35 MP: 4/4
  1298 | D:2      | Found a faded altar of an unknown god.
  1403 | D:3      | Found a runed translucent gate.
  1444 | D:3      | Found a runed translucent gate.
  1445 | D:3      | Found a runed translucent gate.
  1446 | D:3      | Noticed dgoggy's ghost (weakling GnWn)
  1541 | D:3      | Found an ornate altar of the Wu Jian Council.
  1542 | D:3      | Found an iron altar of Okawaru.
  1542 | D:3      | Found a blossoming altar of Fedhas.
  1562 | D:3      | Reached skill level 5 in Short Blades
  1627 | D:3      | Reached skill level 5 in Dodging
  1627 | D:3      | Reached XP level 5. HP: 21/41 MP: 5/5
  1876 | D:3      | Found a white marble altar of Elyvilon.
  2482 | D:4      | Reached XP level 6. HP: 40/48 MP: 6/6
  2607 | D:4      | Noticed Menkaure
  2616 | D:4      | Killed Menkaure
  2617 | D:4      | Reached skill level 6 in Dodging
  2844 | D:4      | Found a hazy altar of Hepliaklqana.
  2944 | D:4      | Noticed Sigmund
  2964 | D:4      | Killed Sigmund
  2965 | D:4      | Reached skill level 5 in Fighting
  2965 | D:4      | Reached XP level 7. HP: 56/56 MP: 7/7
  3033 | D:4      | Noticed Ijyb
  3063 | D:4      | Killed Ijyb
  3337 | D:5      | Entered Level 5 of the Dungeon
  3372 | D:5      | Noticed Eustachio
  3533 | D:5      | Reached skill level 7 in Dodging
  3735 | D:5      | Killed Eustachio
  3736 | D:5      | Reached XP level 8. HP: 49/64 MP: 8/8
  3929 | D:5      | Reached skill level 8 in Dodging
  4336 | D:5      | Found a staircase to the Ecumenical Temple.
  4533 | Temple   | Entered the Ecumenical Temple
  5000 | D:6      | Reached skill level 9 in Dodging
  5146 | D:6      | HP: 3/67 [jelly (2)]
  5146 | D:6      | Splashed by a jelly's acid

Illustrated notes

Levels and vault maps discovered:
D:1:      dpeg_arrival_solitude, layout_basic
D:2:      layout_basic, dreamdust_ecumenical_altar_angels_and_demons,
          basic_altar
D:3:      layout_rooms, elyvilon_altar_3,
          chequers_temple_overflow_statue_of_worship, ebering_ghost_rock_garden
D:4:      layout_loops_corners, mainiacjoe_overflow_small_starburst, uniq_ijyb,
          uniq_menkaure, uniq_sigmund
D:5:      layout_cave_pods, temple_pool_b, corexii_shack, uniq_eustachio
D:6:      layout_basic, kennysheep_little_box, serial_bayou_ford_a
Temple:   hellmonk_temple_micro_hex

Skill      XL: |  1  2  3  4  5  6  7  8 |
---------------+-------------------------+-----
Short Blades   | 4 5 6 7 8 |  8.0
Fighting       | 3 4 5 6 7 |  7.2
Dodging        | 5 6 7 9 |  9.3
Throwing       | |  2.0

Action                     |  1- 3 |  4- 6 |  7- 9 || total
---------------------------+-------+-------+-------++-------
  Melee: Rapier            |   128 |   183 |   223 ||   534
         Punch             |       |     2 |     2 ||     4
         Dagger            |       |       |    51 ||    51
         Tailslap          |       |       |    11 ||    11
  Throw: Throwing net      |       |     2 |     3 ||     5
         Javelin           |       |     2 |     3 ||     5
         Boomerang         |       |     3 |     3 ||     6
   Stab: Sleeping          |     2 |     2 |     1 ||     5
         Held in net/web   |       |     1 |     1 ||     2
 Armour: Leather armour    |    54 |    66 |    16 ||   136
         Robe              |       |       |    61 ||    61
  Dodge: Dodged            |   138 |   129 |   243 ||   510

Table legend: (Time is in decaauts)
 A = Elapsed time spent in this place.
 B = Non-inter-level travel time spent in this place.
 C = Inter-level travel time spent in this place.
 D = Time resting spent in this place.
 E = Time spent auto-exploring this place.
 F = Levels seen in this place.
 G = Mean time per level.
                   A        B        C        D        E       F      G
               +--------+--------+--------+--------+--------+-----+--------+
         Total |   5045 |   4668 |    377 |      0 |   3440 |   7 |  720.7 |
       Dungeon |   5006 |   4630 |    376 |      0 |   3403 |   6 |  834.3 |
        Temple |     38 |     37 |      1 |      0 |     37 |   1 |   38.0 |
               +--------+--------+--------+--------+--------+-----+--------+

Top non-repeatable levels by time:
     D:5: 1218 daAuts
     D:4: 1200 daAuts
     D:1: 995 daAuts
     D:3: 935 daAuts
     D:2: 403 daAuts
     D:6: 252 daAuts
  Temple: 38 daAuts
